 Dungeon Crawl Stone Soup version 0.24.0-123-gd5b16e6ec5 (webtiles) character file.

Game seed: 14860053948066403988, levelgen mode: deterministic

18 Destapler the Charmwright (level 2, 0/22 HPs)
             Began as a Merfolk Skald on Dec 26, 2019.
             Slain by an orc (3 damage)
             ... on level 2 of the Dungeon.
             The game lasted 00:04:34 (740 turns).

Destapler the Charmwright (Merfolk Skald)            Turns: 740, Time: 00:04:35

Health: 0/22       AC:  3    Str: 11    XL:     2   Next: 70%
Magic:  3/5        EV: 12    Int: 12    God:
Gold:   22         SH:  0    Dex: 13    Spells: 2/5 levels left

rFire    . . .     SeeInvis .   a - +0 spear
rCold    . . .     Gourm    .   (no shield)
rNeg     . . .     Faith    .   b - +0 leather armour
rPois    .         Spirit   .   (no helmet)
rElec    .         Reflect  .   l - scarf {repulsion}
rCorr    .         Harm     .   (no gloves)
MR       .....                  (no boots)
Stlth    +.........             (no amulet)
HPRegen  0.07/turn              (no ring)
MPRegen  0.09/turn              (no ring)

@: singing, repel missiles
A: change form in water, swift swim, stealthy swim
a: no special abilities


You were on level 2 of the Dungeon.
You were not hungry.

You visited 1 branch of the dungeon, and saw 2 of its levels.

You collected 22 gold pieces.

Inventory:

Hand Weapons
 a - a +0 spear (weapon)
Missiles
 h - 74 stones (quivered)
Armour
 b - a +0 leather armour (worn)
 f - a +0 leather armour
 l - a scarf of repulsion (worn)
Scrolls
 i - 2 scrolls of remove curse {unknown}
 j - a scroll of immolation {unknown}
 k - a scroll of identify {unknown}
Potions
 c - a potion of flight {unknown}
 e - a potion of curing {unknown}
 g - a potion of cancellation {unknown}
Comestibles
 d - 3 rations


   Skills:
 - Level 2.1 Fighting
 + Level 3.6 Polearms
 - Level 0.6 Armour
 - Level 2.6 Dodging
 - Level 2.0 Spellcasting
 * Level 4.0 Charms


You had 2 spell levels left.
You knew the following spells:

 Your Spells              Type           Power        Failure   Level  Hunger
a - Infusion              Chrm           ##..         7%          1    ##.....
b - Song of Slaying       Chrm           ##......     11%         2    ###....

Your spell library contained the following spells:

 Spells                   Type           Power        Failure   Level  Hunger
 Shroud of Golubria       Chrm/Tloc      #.....       24%         2    ###....
 Regeneration             Chrm/Necr      #.........   43%         3    ####...
 Spectral Weapon          Hex/Chrm       #.......     43%         3    ####...


Dungeon Overview and Level Annotations

Branches:
Dungeon (2/15)

Altars:


Message History

The hobgoblin is almost dead.
The hobgoblin hits you. The orc barely misses you.
You hit the hobgoblin.
You kill the hobgoblin!
The orc hits you.
You hit the orc.
The orc is heavily wounded.
The orc barely misses you. The orc hits you with a +0 whip.
You barely miss the orc.
The orc is heavily wounded.
The orc hits you. The orc barely misses you.
You hit the orc.
The orc is severely wounded.
The orc hits you. The orc hits you with a +0 whip.
* * * LOW HITPOINT WARNING * * *
You hit the orc but do no damage. The orc hits you but does no damage.
You hit the orc.
The orc is almost dead.
The orc hits you.
You die...

########
#......#####
#.##<......#
#.##.#.###.#
#.#... .#
#@#..#. #
#o#..#..
#oo......
##...##.##
....# # ...#
..## ..# ..#


You could see 3 orcs.

Vanquished Creatures
  3 giant cockroaches (D:1)
  A goblin (D:1)
  3 hobgoblins
  3 kobolds (D:1)
  A bat (D:1)
  2 frilled lizards (D:1)
  5 rats (D:1)
18 creatures vanquished.

Notes
Turn   | Place    | Note
-------+----------+-------------------------------------------
     0 | D:1      | Destapler the Merfolk Skald began the quest for the Orb.
     0 | D:1      | Reached XP level 1. HP: 16/16 MP: 3/3
   150 | D:1      | Reached XP level 2. HP: 22/22 MP: 5/5
   235 | D:1      | Learned a level 2 spell: Song of Slaying
   587 | D:1      | Reached skill level 4 in Charms
   740 | D:2      | Slain by an orc

Levels and vault maps discovered:
D:1:      wander_arrival_fairy_ring, layout_loops_ring, minmay_crystal_water
D:2:      layout_loops_cross, makhleb_altar_promises_db,
          chequers_ecumenical_altar_simple_redux, first_ration, chequers_garden

Skill      XL: |  1  2 |
---------------+-------+-----
Charms         | 4 |  4.0
Fighting       | |  2.1
Polearms       | |  3.6
Armour         | |  0.6
Dodging        | |  2.6
Spellcasting   | |  2.0

Action                   || total
-------------------------++-------
Melee: Spear             ||    56
       Tailslap          ||     1
Throw: Stone             ||     6
 Cast: Infusion          ||     1
       Song of Slaying   ||     1
 Stab: Sleeping          ||     2
Armor: Leather armour    ||    11
Dodge: Dodged            ||    15
